AoeStats
← FR HectorDevis

Oasis

510172572Analyzed
3v3 RM · 2d ago on Sep 29, 2026· 122m 28s· 6 players
Game mode
Random Map
Map size
Normal (6 player)
Population
200
Speed
Normal
Resources
Standard
Victory
Conquest
Starting age
Dark Age
Ending age
Imperial Age
RankedLock teamsTeams togetherTeam positionsShared explorationLock speedFull tech treeHidden civsTurbo modeCheats
Victory
Defeat
🇫🇷 Persians · France
1028
+12
🇫🇷 Magyars · France
968
+14
🇫🇷 Khitans · France
855
+20
🇧🇪 Saxons · Belgium
949
-16
🇧🇪 Britons · Belgium
949
-16
🇧🇪 Italians · Belgium
897
-14
Diallito
4:56 Loom
10:25 Feudal Age
11:22 Double-Bit Axe
20:38 Castle Age
19:35 Scale Mail Armor
19:46 Forging
20:44 Horse Collar
25:51 Pikeman
26:33 Arson
28:21 Iron Casting
28:46 Chain Mail Armor
29:38 Heavy Plow
29:48 Gambesons
30:04 Squires
33:36 Wheelbarrow
35:37 Hand Cart
36:05 Stone Mining
37:10 Bow Saw
37:27 Gold Mining
44:25 Imperial Age
41:54 Fletching
42:37 Bodkin Arrow
42:28 Clerical Recruitment
44:35 Sanctity
44:04 Treadmill Crane
45:10 Shield Wall
46:14 Conscription
46:58 Chemistry
47:19 Two-Man Saw
47:35 Two-Man Saw
48:02 Plate Mail Armor
47:33 Bracer
46:58 Elite Varangian Guard
49:06 Hoardings
53:22 Siege Engineers
56:26 Gold Shaft Mining
60:04 Padded Archer Armor
60:19 Elite Skirmisher
61:05 Thumb Ring
61:17 Leather Archer Armor
61:25 Ballistics
60:54 Crossbowman
62:28 Hoardings
62:03 Man-at-Arms
63:37 Guard Tower
63:32 Arbalester
65:28 Keep
65:54 Murder Holes
65:50 Arrowslits
66:37 Ring Archer Armor
67:28 Caravan
75:52 Scale Barding Armor
76:30 Bloodlines
75:40 Light Cavalry
78:00 Husbandry
77:29 Hussar
84:40 Chain Barding Armor
87:18 Cavalier
88:58 Man-at-Arms
97:31 Onager
100:02 Elite Hearth Troop
104:19 Halberdier
110:56 Capped Ram
115:15 Siege Ram
Doodskop
12:29 Feudal Age
15:06 Fletching
15:54 Horse Collar
56:50 Castle Age
57:15 Elite Skirmisher
57:57 Pikeman
60:16 Squires
65:55 Heavy Plow
69:56 Husbandry
70:20 Light Cavalry
90:59 Yeomen
91:25 Caravan
106:51 Imperial Age
107:50 Halberdier
113:41 Onager
Benniebomba
10:51 Loom
12:37 Feudal Age
15:16 Double-Bit Axe
17:09 Scale Mail Armor
26:31 Castle Age
28:56 Bow Saw
29:17 Forging
29:14 Scale Barding Armor
32:45 Horse Collar
33:56 Fletching
34:07 Padded Archer Armor
34:48 Iron Casting
34:34 Chain Barding Armor
34:40 Heavy Plow
36:39 Stone Mining
36:40 Gold Mining
37:57 Husbandry
38:08 Bloodlines
40:49 Elite Skirmisher
41:36 Thumb Ring
45:38 Imperial Age
43:03 Treadmill Crane
43:43 Ballistics
43:54 Bodkin Arrow
44:14 Leather Archer Armor
45:02 Pikeman
45:43 Squires
48:46 Chemistry
48:07 Bracer
48:27 Chain Mail Armor
50:46 Ring Archer Armor
53:57 Wheelbarrow
53:44 Elite Genoese Crossbowman
55:50 Conscription
57:45 Pirotechnia
58:11 Arson
78:02 Blast Furnace
89:28 Caravan
89:56 Silk Road
FR HectorDevis
6:45 Loom
9:26 Feudal Age
10:13 Double-Bit Axe
10:17 Horse Collar
15:26 Forging
16:17 Scale Barding Armor
17:17 Bloodlines
21:55 Castle Age
20:14 Stone Mining
20:17 Gold Mining
22:49 Light Cavalry
27:15 Murder Holes
29:13 Kamandaran
29:23 Crossbowman
31:31 Thumb Ring
32:10 Fletching
34:58 Stone Mining
40:27 Heavy Plow
44:24 Imperial Age
45:01 Conscription
46:28 Chemistry
48:47 Husbandry
70:13 Bodkin Arrow
78:13 Gold Shaft Mining
80:13 Hussar
84:06 Iron Casting
88:37 Ballistics
93:53 Blast Furnace
102:17 Chain Barding Armor
118:10 Bow Saw
Sinhada
9:12 Feudal Age
9:25 Loom
9:44 Double-Bit Axe
10:35 Horse Collar
19:43 Scale Barding Armor
22:55 Castle Age
23:47 Stone Mining
23:49 Gold Mining
24:13 Bow Saw
24:05 Heavy Plow
24:46 Chain Barding Armor
30:25 Thumb Ring
30:55 Bloodlines
31:50 Wheelbarrow
32:32 Scale Mail Armor
33:04 Padded Archer Armor
32:54 Fletching
32:39 Man-at-Arms
34:23 Ballistics
34:34 Bodkin Arrow
34:22 Long Swordsman
38:30 Hand Cart
39:03 Gold Shaft Mining
40:48 Corvinian Army
43:42 Imperial Age
45:02 Heavy Scorpion
46:02 Husbandry
46:07 Bracer
46:23 Leather Archer Armor
46:43 Plate Barding Armor
46:23 Chain Mail Armor
46:59 Parthian Tactics
47:02 Heated Shot
48:12 Chemistry
46:39 Two-Handed Swordsman
48:26 Conscription
48:03 Champion
49:40 Recurve Bow
50:24 Ring Archer Armor
50:13 Caravan
51:30 Heavy Cavalry Archer
62:24 Elite Skirmisher
77:32 Light Cavalry
78:33 Treadmill Crane
80:09 Hussar
82:24 Hussar
98:32 Fervor
100:11 Two-Man Saw
102:41 Coinage
122:19 Capped Ram
123
2:47 Loom
12:12 Feudal Age
18:07 Castle Age
17:54 Double-Bit Axe
18:30 Forging
22:04 Wheelbarrow
23:41 Hand Cart
23:37 Bow Saw
24:56 Scale Mail Armor
28:27 Chain Mail Armor
32:56 Iron Casting
40:26 Town Watch
47:31 Imperial Age
46:50 Lamellar Armor
49:23 Chemistry
49:50 Plate Mail Armor
50:37 Town Patrol
55:05 Elite Liao Dao
56:39 Scale Barding Armor
58:21 Chain Barding Armor
60:17 Light Cavalry
60:58 Husbandry
62:10 Ordo Cavalry
61:43 Hussar
63:08 Heavy Rocket Cart
71:14 Plate Barding Armor
92:12 Two-Man Saw
102:55 Elite Steppe Lancer
Connection lost

Rejoining the realm…

Still unreachable

The connection could not be restored.

Session expired

The server has moved on; the page needs a fresh start.